 Dungeon Crawl Stone Soup version 0.29-a0-284-gf9362112df (webtiles) character file.

Game seed: 5438974031426449293

0 NinjaNoafa the Skirmisher (level 1, 0/20 HPs)
             Began as a Minotaur Fighter on Mar 25, 2022.
             Slain by a scorpion (5 damage)
             ... on level 3 of the Dungeon.
             The game lasted 00:06:19 (100 turns).

NinjaNoafa the Skirmisher (Minotaur Fighter)         Turns: 100, Time: 00:06:20

Health: 0/20       AC:  6    Str: 20    XL:     1   Next: 8%
Magic:  0/0        EV:  9    Int:  5    God:
Gold:   0          SH:  4    Dex:  9    Spells: 0/0 levels left

rFire   . . .      SeeInvis .   a - +0 long sword
rCold   . . .      Faith    .   c - +0 buckler
rNeg    . . .      Spirit   .   b - +0 scale mail
rPois   .          Reflect  .   (helmet restricted)
rElec   .          Harm     .   (no cloak)
rCorr   .          Rampage  .   (no gloves)
Will    .....                   (no boots)
Stlth   ..........              (no amulet)
HPRegen 0.06/turn               (no ring)
MPRegen 0.07/turn               (no ring)

@: lethally poisoned (0 -> -11)
A: horns 2, retaliatory headbutt
a: no special abilities


You were on level 3 of the Dungeon.
You visited 1 branch of the dungeon, and saw 3 of its levels.

Inventory:

Hand Weapons
 a - a +0 long sword (weapon)
Armour
 b - a +0 scale mail (worn)
 c - a +0 buckler (worn)
 e - a +0 robe
Potions
 d - a potion of might


   Skills:
 + Level 3.7 Fighting
 + Level 2.4 Long Blades
 + Level 3.6 Armour
 + Level 3.6 Shields


You couldn't memorise any spells.
You didn't know any spells.
Your spell library was empty.

Dungeon Overview and Level Annotations

Branches:
Dungeon (3/15)

Altars:


Innate Abilities, Weirdness & Mutations

You have a pair of horns on your head.
You reflexively headbutt those who attack you in melee.


Message History

You see here 15 stones.
You see here 15 stones.
Unknown command.
Sorry, you're not good enough to have a special ability.
There is a stone staircase leading down here.
You climb downwards.
Found a stone staircase leading down.
There is a stone staircase leading up here.
There is a stone staircase leading down here.
There is a stone staircase leading down here.
You climb downwards.
There is a stone staircase leading up here.
Welcome back, NinjaNoafa the Minotaur Fighter.
Press ? for a list of commands and other information.
A scorpion comes into view.
Found a stone staircase leading down.
You completely miss the scorpion. The scorpion stings you.
You are poisoned.
The scorpion poisons you!
You barely miss the scorpion. Your headbutt misses the scorpion.
You feel very sick.
The scorpion stings you but does no damage.
The scorpion stings you.
You are lethally poisoned!
The scorpion poisons you!
You hit the scorpion.
You headbutt the scorpion, but do no damage.
The scorpion is lightly wounded.
You feel very sick.
The scorpion stings you but does no damage.
You barely miss the scorpion.
You headbutt the scorpion, but do no damage.
The scorpion is lightly wounded.
* * * LOW HITPOINT WARNING * * *
You feel very sick. You block the scorpion's attack.
The endoplasm jiggles.
The scorpion stings you but does no damage.
The scorpion attacks as you move away! The scorpion stings you.
You die...

J# .# .# .## ..#
##.###### ###
###<......#
.....#.J.#####.#
#......@s..#
#..........#
#..........+
#..........#
#..........#
#..........#
#..........#
+.....>....#


You could see a scorpion and an endoplasm.

Vanquished Creatures
  A ball python (D:1)
1 creature vanquished.

Notes
Turn   | Place    | Note
-------+----------+-------------------------------------------
     0 | D:1      | NinjaNoafa the Minotaur Fighter began the quest for the
                  | Orb.
     0 | D:1      | Reached XP level 1. HP: 19/19 MP: 0/0
    94 | D:3      | Noticed a scorpion
   100 | D:3      | Slain by a scorpion

Illustrated notes

Levels and vault maps discovered:
D:1:      lightli_arrival_noodles, layout_rooms,
          shapermc_ecumenical_altar_ellora
D:2:      layout_loops_ring, minmay_misc_feat_hallway
D:3:      kb_forest_paths, layout_basic, kennysheep_generic_room_10

Action                   || total
-------------------------++-------
Melee: Long sword        ||     4
       Headbutt          ||     2
Armor: Scale mail        ||     3
Dodge: Dodged            ||     1
Block: Buckler           ||     1

Table legend: (Time is in decaauts)
 A = Elapsed time spent in this place.
 B = Non-inter-level travel time spent in this place.
 C = Inter-level travel time spent in this place.
 D = Time resting spent in this place.
 E = Time spent auto-exploring this place.
 F = Levels seen in this place.
 G = Mean time per level.
                   A        B        C        D        E       F      G
               +--------+--------+--------+--------+--------+-----+--------+
         Total |    100 |    100 |      0 |      0 |      0 |   3 |   33.3 |
       Dungeon |    100 |    100 |      0 |      0 |      0 |   3 |   33.3 |
               +--------+--------+--------+--------+--------+-----+--------+

Top non-repeatable levels by time:
     D:1: 80 daAuts
     D:2: 12 daAuts
     D:3: 8 daAuts
